 Dungeon Crawl Stone Soup version 0.30.1-3-gfc49f6343a (webtiles) character file.

Game seed: 4995598073554680786

1594 monsoonserge the Covered (level 9, -6/74 HPs)
             Began as a Meteoran Cinder Acolyte on July 20, 2023.
             Was a High Priest of Ignis.
             Mangled by a two-headed ogre
             ... wielding a +0 dire flail
              (13 damage)
             ... on level 8 of the Dungeon.
             The game lasted 00:23:54 (3502 turns).

monsoonserge the Covered (Meteoran Cinder Acolyte)  Turns: 3502, Time: 00:23:55

Health: -6/74      AC: 15    Str: 27    XL:     9   Next: 37%
Magic:  3/13       EV: 13    Int: 17    God:    Ignis [*****.]
Gold:   235        SH:  0    Dex: 16    Spells: 10/12 levels left

rFire   + . .        q - +2 flail (heavy)
rCold   . . .        (no shield)
rNeg    . . .        v - +3 ring mail "Udenoru" {Regen+ Str+8 Slay-2 SInv}
rPois   .            w - +0 helmet
rElec   .            (no cloak)
rCorr   .            H - +3 Mad Mage's Maulers {Infuse+∞ VampMP -Cast}
SInv    +            (no boots)
Will    +....        (no amulet)
Stlth   +            g - +6 ring of dexterity
HPRegen 1.12/turn    y - +4 ring of slaying
MPRegen 0.13/turn

%: no spellcasting, infuse magic (3 MP)
@: glowing
A: sense surroundings 2, otherworldly, glowing, explore regen
a: Renounce Religion, Fiery Armour, Foxfire Swarm, Rising Flame


You were on level 8 of the Dungeon.
You worshipped Ignis.
Ignis was extremely pleased with you.
You visited 1 branch of the dungeon, and saw 9 of its levels.

You collected 235 gold pieces.

Inventory:

Hand Weapons
 a - a -1 hand axe of flaming
 q - a +2 heavy flail (weapon)
Missiles
 A - 4 poisoned darts (quivered)
 F - 4 curare-tipped darts
Armour
 b - a +0 robe
 j - a +0 leather armour
 m - a +0 pair of gloves
 t - a +0 ring mail
 v - the +3 ring mail "Udenoru" (worn) {Regen+ Str+8 Slay-2 SInv}
   (You found it on level 5 of the Dungeon)

   Str:       It affects your strength (+8).
   Slay:      It affects your accuracy & damage with ranged weapons and melee
   (-2).
   SInv:      It lets you see invisible.
   Regen:     It increases your rate of health regeneration.
 w - a +0 helmet (worn)
 G - a +0 plate armour
 H - the +3 Mad Mage's Maulers (worn) {Infuse+∞ VampMP -Cast}
   (You found it on level 8 of the Dungeon)

   Infuse+∞: It empowers its wearer's blows with all of their magic.
   VampMP:    Blows struck in melee replenish the wearer's magic.
   -Cast:     It prevents spellcasting.
Jewellery
 g - a +6 ring of dexterity (left hand)
 y - a +4 ring of slaying (right hand)
 B - a ring of protection from fire
 I - a ring of fire
Wands
 x - a wand of flame (49)
 D - a wand of polymorph (10)
 E - a wand of roots (4)
Scrolls
 c - a scroll of amnesia {unknown}
 d - 4 scrolls of teleportation {unknown}
 k - 2 scrolls of immolation {unknown}
 l - a scroll of magic mapping {unknown}
 n - 2 scrolls of blinking {unknown}
 p - a scroll of identify {unknown}
 r - a scroll of enchant weapon {unknown}
 C - a scroll of vulnerability {unknown}
Potions
 e - 3 potions of heal wounds {unknown}
 f - a potion of cancellation {unknown}
 h - 2 potions of berserk rage {unknown}
 i - 2 potions of brilliance {unknown}
 o - a potion of flight {unknown}
 s - a potion of lignification {unknown}
 u - a potion of curing {unknown}
 z - a potion of resistance {unknown}


   Skills:
 + Level 5.4 Fighting
 - Level 5.1(6.4) Axes
 + Level 6.3(7.4) Maces & Flails
 - Level 2.0 Throwing
 - Level 7.0 Armour
 + Level 4.0 Dodging
 - Level 2.0 Spellcasting
 - Level 5.0 Fire Magic
 * Level 2.7 Evocations


You had 10 spell levels left.
You knew the following spells:

 Your Spells              Type           Power      Damage    Failure   Level
a - Scorch                Fire           36%        2d7       5%          2

Your spell library contained the following spells:

 Spells                   Type           Power      Damage    Failure   Level
 Apportation              Tloc           2%         N/A       26%         1
 Necrotise                Necr           4%         1d4       26%         1
 Summon Small Mammal      Summ           4%         N/A       26%         1
 Sublimation of Blood     Necr           1%         N/A       38%         2
 Wereblood                Tmut           1%         N/A       38%         2
 Gell's Gravitas          Tloc           1%         N/A       63%         3
 Teleport Other           Tloc           1%         N/A       63%         3
 Dispersal                Tloc           0%         N/A       100%        6
 Summon Hydra             Summ           0%         N/A       100%        7
 Chain Lightning          Conj/Air       0%         2d1       100%        9
 Fire Storm               Conj/Fire      5%         8d1       100%        9
 Shatter                  Erth           0%         3d5*      100%        9


Dungeon Overview and Level Annotations

Branches:
Dungeon (9/15) Zot: 1816   Temple (0/1) D:6
   Lair: D:8-11         Orc: D:9-12

Altars:
Makhleb
Nemelex Xobeh
Qazlal
Ru
Yredelemnul

Shops:
D:1 ?


Innate Abilities, Weirdness & Mutations

You passively map the area around you.
You are easily found by Zot.
You glow in the dark.
You regain HP and MP as you explore.


Message History

The two-headed ogre looks even sicker.
The two-headed ogre is lightly wounded.
Throw: 5 darts (poison)
Press: ? - help, Q - select action, (/) - cycle Shift-Dir - straight line, f/p - two-headed ogre
Aim: a two-headed ogre, wielding a +0 dire flail and a +0 giant spiked club (lightly wounded, very poisoned, 78% to hit)
You throw a poisoned dart.
The poisoned dart hits the two-headed ogre.
The two-headed ogre looks as sick as possible!
The two-headed ogre is lightly wounded.
Aiming: Throw Flame
Press: ? - help, Shift-Dir - straight line, f/p - two-headed ogre
Aim: a two-headed ogre, wielding a +0 dire flail and a +0 giant spiked club (lightly wounded, extremely poisoned, 86% to hit)
The puff of flame hits the two-headed ogre.
The two-headed ogre is lightly wounded.
You barely miss the two-headed ogre.
The two-headed ogre is lightly wounded.
The two-headed ogre hits you with a +0 dire flail.
The two-headed ogre hits you with a +0 giant spiked club!
You thump the two-headed ogre!
The two-headed ogre is heavily wounded.
The two-headed ogre hits you with a +0 dire flail!!
The two-headed ogre hits you with a +0 giant spiked club!
The two-headed ogre misses you. The two-headed ogre barely misses you.
You sock the two-headed ogre!
The two-headed ogre is almost dead.
The two-headed ogre hits you with a +0 dire flail!
The two-headed ogre hits you with a +0 giant spiked club!
* * * LOW HITPOINT WARNING * * *
You barely miss the two-headed ogre.
The two-headed ogre is almost dead.
The two-headed ogre misses you.
The two-headed ogre hits you with a +0 giant spiked club!
* * * LOW HITPOINT WARNING * * *
Press: ? - help, v - describe, . - travel
Here: a two-headed ogre, wielding a +0 dire flail and a +0 giant spiked club (almost dead, very poisoned)
The floor, spattered with blood.
You completely miss the two-headed ogre.
The two-headed ogre is almost dead.
The two-headed ogre hits you with a +0 dire flail!
You die...

, #....#..#....# .#.(........#
..'....#..#....# #..........#
..#....#..+....#, #..........#
###....####..(.####..........#
.......# ##..(.........#'####
.......#, ,#...(........#...#
.......#, #....(.......#...#
.......#, ,#....O.......#########
.......#'#######@###.............
#+#....#.....#.....#.............
..#....'.....#.....#.............
..'....#'#######...#.............
..#............#...########....##
..#............+....#.....#....#
..#............#....#.....#....##
..#............##########........
..#....####...............######.


You could see a two-headed ogre (very poisoned).

Vanquished Creatures
  A yak (D:8)
  A water moccasin (D:6)
  A black bear (D:7)
  An ice beast (D:8)
  An ogre (D:5)
  A phantom (D:7)
  3 kobold brigands
  2 bullfrogs (D:8)
  A scorpion (D:4)
  3 wights (D:8)
  A howler monkey (D:4)
  A hound (D:4)
  A jelly (D:7)
  A gnoll bouda (D:6)
  An iguana (D:4)
  3 orc wizards (D:5)
  11 gnolls
  2 adders
  3 white imps
  3 worms
  4 dart slugs
  8 orcs
  3 endoplasms (D:1)
  3 giant cockroaches
  4 goblins
  3 hobgoblins
  7 jackals
  7 quokkas
  5 ball pythons
  2 bats (D:1)
  17 kobolds
  2 rats (D:2)
107 creatures vanquished.

Notes
Turn   | Place    | Note
-------+----------+-------------------------------------------
     0 | D:1      | monsoonserge the Meteoran Cinder Acolyte began the quest
                  | for the Orb.
     0 | D:1      | Reached XP level 1. HP: 19/19 MP: 3/3
    47 | D:1      | Found a faded altar of an unknown god.
    82 | D:1      | Reached XP level 2. HP: 26/26 MP: 5/5
    85 | D:1      | Learned a level 2 spell: Scorch
   172 | D:1      | Found Ukeolest's Magic Scroll Emporium.
   225 | D:1      | Reached XP level 3. HP: 10/31 MP: 1/6
   386 | D:1      | Reached XP level 4. HP: 13/38 MP: 1/7
   550 | D:2      | Reached skill level 1 in Dodging
  1129 | D:4      | Reached skill level 5 in Axes
  1129 | D:4      | Reached XP level 5. HP: 46/46 MP: 6/9
  1142 | D:4      | Reached skill level 1 in Armour
  1207 | D:5      | Entered Level 5 of the Dungeon
  1211 | D:5      | Noticed an ogre
  1219 | D:4      | Reached skill level 2 in Armour
  1219 | D:4      | Reached XP level 6. HP: 12/52 MP: 2/10
  1220 | D:4      | Reached skill level 1 in Maces & Flails
  1326 | D:4      | Identified the +6 rapier of Nefevvoege {spect, Str+4}
  1509 | D:4      | Reached skill level 3 in Armour
  1646 | D:5      | Reached XP level 7. HP: 45/60 MP: 0/11
  1941 | D:5      | Reached skill level 4 in Armour
  1952 | D:5      | Found a basalt altar of Yredelemnul.
  2079 | D:5      | Identified the +3 ring mail "Udenoru" {Regen+ Str+8 Slay-2
                  | SInv}
  2255 | D:6      | Found a staircase to the Ecumenical Temple.
  2411 | D:6      | Noticed a water moccasin
  2420 | D:6      | Killed a water moccasin
  2421 | D:6      | Reached XP level 8. HP: 64/67 MP: 3/12
  2483 | D:7      | Reached skill level 5 in Armour
  2483 | D:7      | Reached skill level 5 in Fire Magic
  2622 | D:8      | Noticed a two-headed ogre
  2668 | D:7      | Reached skill level 5 in Fighting
  2906 | D:8      | Reached skill level 5 in Maces & Flails
  2906 | D:8      | Reached skill level 6 in Armour
  3041 | D:9      | Noticed a yak
  3041 | D:9      | Noticed a yak
  3041 | D:9      | Noticed a yak
  3042 | D:9      | Noticed a yak
  3053 | D:8      | Killed a yak
  3054 | D:8      | Reached skill level 1 in Evocations
  3054 | D:8      | Gained mutation: You passively map the area around you.
                  | [Meteoran growth]
  3054 | D:8      | Reached XP level 9. HP: 64/74 MP: 1/13
  3164 | D:8      | Found the +3 Mad Mage's Maulers {Infuse+∞ VampMP -Cast}
  3232 | D:8      | Reached skill level 1 in Throwing
  3354 | D:8      | Found a sacrificial altar of Ru.
  3354 | D:8      | Found a sparkling altar of Nemelex Xobeh.
  3356 | D:8      | Found a stormy altar of Qazlal.
  3357 | D:8      | Found a burning altar of Makhleb.
  3479 | D:8      | Reached skill level 7 in Armour
  3502 | D:8      | Mangled by a two-headed ogre

Illustrated notes

Levels and vault maps discovered:
D:1:      co_arrival_square_in_a_square_in_a_square, layout_basic, serial_shops,
          nicolae_shop_waterfront, shapermc_ecumenical_altar_flowoftime,
          nicolae_grassy_gnolls
D:2:      cheibrodos_helix_gallery, layout_basic
D:3:      layout_basic, chequers_jeans
D:4:      layout_cave_pods
D:5:      layout_basic, mainiacjoe_overflow_catwalk,
          ebering_dispersal_statue_hall, chequers_decorated_corner
D:6:      layout_cave_pools, kennysheep_mini_moat,
          minmay_temple_entry_large_hall, amethyst_killhole
D:7:      layout_gridville, chequers_serial_rivers_micro_d
D:8:      layout_gridville, minitemple, serial_park_tiny_1,
          minmay_misc_feat_square, eino_tiny_chamber, dk_noncrumbling_4,
          nrook_mini_backslash
D:9:      layout_gridville, dpeg_oklobed_lair, uniq_pikel

Skill      XL: |  1  2  3  4  5  6  7  8  9 |
---------------+----------------------------+-----
Axes           | 4 5 |  5.1
Fire Magic     | 4 5 |  5.0
Spellcasting   | 2 |  2.0
Dodging        | 1 2 3 4 |  4.0
Armour         | 2 3 4 6 7 |  7.0
Fighting       | 4 5 |  5.4
Maces & Flails | 1 3 5 6 |  6.3
Evocations     | 1 2 |  2.7
Throwing       | 2 |  2.0

Action                     |  1- 3 |  4- 6 |  7- 9 || total
---------------------------+-------+-------+-------++-------
  Melee: Hand axe          |    54 |    51 |       ||   105
         Punch             |       |     1 |       ||     1
         Flail             |       |    16 |    74 ||    90
  Throw: Dart              |       |       |     5 ||     5
   Cast: Scorch            |     9 |    29 |    46 ||    84
 Invoke: Fiery Armour      |       |     1 |       ||     1
  Evoke: Wand              |       |       |     4 ||     4
 Armour: Robe              |    23 |     7 |       ||    30
         Leather armour    |       |    14 |       ||    14
         Ring mail         |       |       |    93 ||    93
  Dodge: Dodged            |    32 |    30 |    71 ||   133
